[Event "European Women Championship-2011"]
[Site "Tbilisi"]
[Date "2011.05.13"]
[Round "7"]
[White "Lahno Kateryna"]
[Black "Cramling Pia"]
[Result "1/2-1/2"]
[ECO "B22"]
[WhiteElo "2530"]
[BlackElo "2468"]
[Annotator "Doe,John"]
[PlyCount "70"]
[EventDate "2011.??.??"]
[TimeControl "120+15"]
[WhiteClock "0:10:50"]
[BlackClock "1:30:00"]

1. e4 c5 2. c3 Nf6 3. e5 Nd5 4. Nf3 Nc6 5. Bc4 Nb6 6. Bb3 c4 7. Bc2 d6 8. exd6
e5 9. O-O Bxd6 10. d4 cxd3 11. Qxd3 h6 12. a4 Be6 13. Rd1 Be7 14. Qe2 Nd7 15.
Na3 O-O 16. Nc4 Qc7 17. Ne3 Nf6 18. Nf5 Bxf5 19. Bxf5 Rfe8 20. Be3 Bf8 21. Qc4
Bd6 22. Qh4 e4 23. Nd4 Nxd4 24. Rxd4 Be5 25. Rdd1 Rad8 26. g3 Rxd1+ 27. Rxd1
Qc4 28. Qh3 Qxa4 29. Qf1 a6 30. Qe2 Qa5 31. Bh3 Rd8 32. Rxd8+ Qxd8 33. Qc4 Qd1+
34. Kg2 Qf3+ 35. Kg1 Qd1+ 1/2-1/2

[Event "European Women Championship-2011"]
[Site "Tbilisi"]
[Date "2011.05.13"]
[Round "7"]
[White "Khotenashvili Bela"]
[Black "Stefanova Antoaneta"]
[Result "1-0"]
[WhiteElo "2470"]
[BlackElo "2506"]
[Annotator "Doe,John"]
[PlyCount "155"]
[EventDate "2011.??.??"]
[TimeControl "120+21"]
[WhiteClock "1:30:00"]
[BlackClock "0:01:59"]

1. d4 d5 2. c4 c6 3. Nf3 Nf6 4. Nc3 e6 5. e3 a6 6. b3 Bb4 7. Bd2 Nbd7 8. Bd3
O-O 9. O-O Qe7 10. Ne5 Nxe5 11. dxe5 Nd7 12. f4 g6 13. Kh1 b5 14. Ne2 Bxd2 15.
Qxd2 f6 16. exf6 Nxf6 17. Ng3 Bb7 18. e4 Ng4 19. h3 Qh4 20. Qe1 d4 21. Nf5 Qxe1
22. Raxe1 gxf5 23. hxg4 fxg4 24. c5 e5 25. fxe5 Rae8 26. Rf5 Bc8 27. Kh2 Re7
28. Kg3 Rfe8 29. Kf4 Be6 30. Rg5+ Kh8 31. Be2 a5 32. Rd1 Rd8 33. Bxg4 Bg8 34.
Rd2 b4 35. Rf5 Be6 36. Rg5 Bg8 37. Bf5 a4 38. bxa4 d3 39. e6 Bxe6 40. Bxe6 Rxe6
41. Ke3 h6 42. Rf5 Ra8 43. Rxd3 Rxa4 44. Rd6 Re7 45. Rxh6+ Kg7 46. Rxc6 Rxa2
47. Rg5+ Kf7 48. Rb6 Rb2 49. c6 Rc2 50. Rf5+ Ke6 51. g4 Rc7 52. g5 b3 53. Rxb3
R2xc6 54. Rf6+ Ke7 55. Rxc6 Rxc6 56. Kf4 Ke6 57. Rh3 Rc1 58. Rh6+ Kf7 59. Rb6
Rf1+ 60. Ke5 Rg1 61. Rb7+ Kg6 62. Ke6 Re1 63. e5 Kxg5 64. Rg7+ Kf4 65. Rf7+ Kg5
66. Rf2 Ra1 67. Rg2+ Kf4 68. Kf6 Rf1 69. e6 Ke4+ 70. Ke7 Kf5 71. Rd2 Re1 72.
Kd7 Kf6 73. Rf2+ Kg7 74. Ke7 Rg1 75. Rd2 Rg3 76. Kd7 Ra3 77. e7 Ra7+ 78. Ke6
1-0

[Event "European Women Championship-2011"]
[Site "Tbilisi"]
[Date "2011.05.13"]
[Round "7"]
[White "Cmilyte Viktorija"]
[Black "Romanko Marina"]
[Result "1-0"]
[WhiteElo "2504"]
[BlackElo "2387"]
[Annotator "Doe,John"]
[PlyCount "57"]
[EventDate "2011.??.??"]
[TimeControl "120+14"]
[WhiteClock "1:30:00"]
[BlackClock "0:14:46"]

1. d4 d5 2. c4 c6 3. Nc3 Nf6 4. Nf3 e6 5. Bg5 Nbd7 6. e3 Qa5 7. cxd5 Nxd5 8.
Rc1 Bb4 9. a3 Bxc3+ 10. bxc3 h6 11. Bh4 Qxa3 12. Qd2 b6 13. Bd3 Bb7 14. O-O Qf8
15. e4 Ne7 16. c4 Ng6 17. Bg3 Qe7 18. h4 h5 19. e5 c5 20. d5 Ngf8 21. d6 Qd8
22. Ng5 f5 23. Bxf5 exf5 24. e6 Qf6 25. exd7+ Kxd7 26. Rfe1 Re8 27. Rxe8 Kxe8
28. Re1+ Kd8 29. Re7 1-0

[Event "European Women Championship-2011"]
[Site "Tbilisi"]
[Date "2011.05.13"]
[Round "7"]
[White "Javakhishvili Lela"]
[Black "Kosintseva Tatiana"]
[Result "1/2-1/2"]
[WhiteElo "2454"]
[BlackElo "2559"]
[Annotator "Doe,John"]
[PlyCount "31"]
[EventDate "2011.??.??"]
[TimeControl "120+26"]
[WhiteClock "1:30:00"]
[BlackClock "0:20:40"]

1. d4 Nf6 2. c4 e6 3. Nf3 Bb4+ 4. Bd2 Qe7 5. g3 Bxd2+ 6. Qxd2 d6 7. Bg2 O-O 8.
O-O e5 9. Nc3 Nc6 10. d5 Na5 11. b3 c5 12. dxc6 Nxc6 13. Rad1 Rd8 14. Ng5 Be6
15. Nge4 Ne8 16. Nd5 1/2-1/2

[Event "European Women Championship-2011"]
[Site "Tbilisi"]
[Date "2011.05.13"]
[Round "7"]
[White "Danielian Elina"]
[Black "Muzychuk Anna"]
[Result "1/2-1/2"]
[WhiteElo "2506"]
[BlackElo "2537"]
[Annotator "Doe,John"]
[PlyCount "87"]
[EventDate "2011.??.??"]
[TimeControl "120+13"]
[WhiteClock "1:30:00"]
[BlackClock "0:41:19"]

1. d4 f5 2. Nf3 Nf6 3. g3 g6 4. Bg2 Bg7 5. O-O O-O 6. b3 d6 7. Bb2 c6 8. c4 Na6
9. Nbd2 Qc7 10. a3 Ne4 11. b4 Nxd2 12. Qxd2 e5 13. dxe5 dxe5 14. c5 Be6 15. e4
Rad8 16. Qc3 f4 17. Ng5 Qe7 18. Nxe6 Qxe6 19. Rfd1 Nc7 20. Bf1 Qf6 21. Qb3+ Kh8
22. Rxd8 Rxd8 23. Rd1 fxg3 24. Rxd8+ Qxd8 25. hxg3 Qe7 26. Bc4 Qd7 27. Qf3 Ne6
28. Qg4 Nxc5 29. Qxd7 Nxd7 30. Be6 Nb6 31. Kf1 h5 32. Bc1 Kh7 33. Bg5 Bh6 34.
Bf6 Bc1 35. Bxe5 Bxa3 36. Bd6 a5 37. bxa5 Bxd6 38. axb6 Bc5 39. Bc8 Bxb6 40.
Bxb7 c5 41. Bd5 Bc7 42. Ke2 Kg7 43. f4 h4 44. gxh4 1/2-1/2

[Event "European Women Championship-2011"]
[Site "Tbilisi"]
[Date "2011.05.13"]
[Round "7"]
[White "Kosteniuk Alexandra"]
[Black "Hoang Thanh Trang"]
[Result "1/2-1/2"]
[WhiteElo "2522"]
[BlackElo "2456"]
[Annotator "Doe,John"]
[PlyCount "104"]
[EventDate "2011.??.??"]
[TimeControl "120+15"]
[WhiteClock "0:14:46"]
[BlackClock "1:30:00"]

1. e4 e6 2. d4 d5 3. Nc3 Bb4 4. e5 c5 5. a3 Bxc3+ 6. bxc3 Qa5 7. Bd2 Qa4 8. Qb1
c4 9. h4 Nc6 10. h5 h6 11. Ne2 Nge7 12. g3 Bd7 13. Bh3 O-O-O 14. Nf4 Kb8 15.
O-O Nc8 16. Ra2 Nb6 17. Qd1 Qa5 18. Qg4 Rhg8 19. Ne2 Na4 20. f4 f5 21. exf6
gxf6 22. Qh4 f5 23. Kh1 Rdf8 24. g4 fxg4 25. Bxg4 Qd8 26. Qxd8+ Nxd8 27. Bf3
Nf7 28. Kh2 Nd6 29. Ng3 Nb5 30. Raa1 Nbxc3 31. f5 exf5 32. Bxh6 f4 33. Ne2 Nxe2
34. Bxe2 Rf5 35. Rxf4 Nc3 36. Bf3 Kc8 37. Re1 Ne4 38. Rxf5 Bxf5 39. Bf4 Kd7 40.
h6 Nf6 41. Re5 Bxc2 42. Bg5 Rf8 43. Kg3 Ne4+ 44. Bxe4 Bxe4 45. Re7+ Kd6 46.
Rxb7 c3 47. Rxa7 c2 48. Ra6+ Kd7 49. Ra5 Rf1 50. Rc5 Rg1+ 51. Kh4 Rh1+ 52. Kg4
Rg1+ 1/2-1/2

[Event "European Women Championship-2011"]
[Site "Tbilisi"]
[Date "2011.05.13"]
[Round "7"]
[White "Foisor Cristina-Adela"]
[Black "Kosintseva Nadezhda"]
[Result "0-1"]
[WhiteElo "2414"]
[BlackElo "2567"]
[Annotator "Doe,John"]
[PlyCount "74"]
[EventDate "2011.??.??"]
[TimeControl "120+14"]
[WhiteClock "0:02:58"]
[BlackClock "1:30:00"]

1. Nf3 d5 2. c4 e6 3. g3 Nf6 4. Bg2 dxc4 5. Qa4+ c6 6. Qxc4 b5 7. Qc2 Bb7 8.
O-O Nbd7 9. b3 Be7 10. Bb2 O-O 11. d4 Qb6 12. Nbd2 Rac8 13. Rac1 c5 14. Qb1 h6
15. Rfd1 a6 16. Qa1 Rfd8 17. e3 Bd5 18. Bf1 Qb7 19. Ne1 cxd4 20. Rxc8 Rxc8 21.
Bxd4 Bb4 22. f4 Bf8 23. Rc1 Rd8 24. Nd3 Ne4 25. Nxe4 Bxe4 26. Qc3 Nb8 27. Nc5
Bxc5 28. Bxc5 Nc6 29. b4 Rd5 30. a4 e5 31. axb5 axb5 32. Ra1 Kh7 33. Qa3 Rd2
34. Qa6 Qd7 35. Qxb5 Qg4 36. Re1 Qf3 37. Re2 Rd1 0-1

[Event "European Women Championship-2011"]
[Site "Tbilisi"]
[Date "2011.05.13"]
[Round "7"]
[White "Dzagnidze Nana"]
[Black "Paikidze Nazi"]
[Result "0-1"]
[WhiteElo "2557"]
[BlackElo "2408"]
[Annotator "Doe,John"]
[PlyCount "86"]
[EventDate "2011.??.??"]
[TimeControl "120+25"]
[WhiteClock "0:27:33"]
[BlackClock "1:30:00"]

1. d4 d5 2. c4 c6 3. Nf3 Nf6 4. Nc3 e6 5. e3 Nbd7 6. Bd3 dxc4 7. Bxc4 b5 8. Bd3
Bb7 9. O-O a6 10. e4 c5 11. d5 c4 12. Bc2 Qc7 13. Ng5 Nc5 14. b4 cxb3 15. axb3
h6 16. Nf3 b4 17. Ne2 Rd8 18. Ng3 Be7 19. Qe2 exd5 20. e5 Nfe4 21. Nf5 Ne6 22.
N3d4 Nxd4 23. Nxd4 Bc5 24. Bb2 Qb6 25. Rad1 O-O 26. Kh1 a5 27. f3 Ba6 28. Bd3
Nc3 29. Bxc3 bxc3 30. Nf5 Bxd3 31. Rxd3 d4 32. f4 Rfe8 33. h4 Bf8 34. h5 Kh8
35. Rfd1 Qxb3 36. Nxd4 Qc4 37. Qc2 Bb4 38. e6 fxe6 39. Qa4 Rf8 40. Qc2 Rxf4 41.
Nf3 Rxd3 42. Rxd3 Rh4+ 43. Nxh4 Qxh4+ 0-1

[Event "European Women Championship-2011"]
[Site "Tbilisi"]
[Date "2011.05.13"]
[Round "7"]
[White "Ovod Evgenija"]
[Black "Muzichuk Mariya"]
[Result "1-0"]
[WhiteElo "2404"]
[BlackElo "2473"]
[Annotator "Doe,John"]
[PlyCount "101"]
[EventDate "2011.??.??"]
[TimeControl "120+26"]
[WhiteClock "1:30:00"]
[BlackClock "0:13:47"]

1. d4 f5 2. g3 Nf6 3. Bg2 g6 4. Nf3 Bg7 5. O-O O-O 6. c4 d6 7. Nc3 e6 8. Qb3
Qe7 9. Rd1 Kh8 10. Be3 Na6 11. Qa3 Bd7 12. Rac1 Rfe8 13. b4 d5 14. c5 Ne4 15.
Nxe4 fxe4 16. Bg5 Qf8 17. Ne5 Bb5 18. Qe3 Nxb4 19. Qb3 a5 20. a3 Bxe2 21. axb4
Bxd1 22. Rxd1 axb4 23. Qxb4 b6 24. Nd7 bxc5 25. Nxc5 Qd6 26. Bf4 Qb6 27. Qc3
Ra2 28. Bh3 g5 29. Bxg5 e5 30. Be3 Qf6 31. Qb3 Qf3 32. Bg2 Qe2 33. Bf1 Qc2 34.
dxe5 Qxb3 35. Nxb3 Rxe5 36. Bf4 Re8 37. Rxd5 Rc2 38. Nd4 c6 39. Rd6 Bxd4 40.
Rxd4 Kg7 41. Bg2 c5 42. Rxe4 Rc8 43. h4 Kf7 44. Ra4 Rb2 45. Bd5+ Ke8 46. Ra7
Rb6 47. Rxh7 Rd8 48. Bf7+ Kd7 49. Bh5+ Kc6 50. Bf3+ Kb5 51. Bc7 1-0

[Event "European Women Championship-2011"]
[Site "Tbilisi"]
[Date "2011.05.13"]
[Round "7"]
[White "Ushenina Anna"]
[Black "Savina Anastasia"]
[Result "0-1"]
[WhiteElo "2468"]
[BlackElo "2389"]
[Annotator "Doe,John"]
[PlyCount "98"]
[EventDate "2011.??.??"]
[TimeControl "120+20"]
[WhiteClock "0:32:28"]
[BlackClock "1:30:00"]

1. d4 d5 2. c4 e6 3. Nc3 c6 4. e3 Bd6 5. Bd2 Nf6 6. Qc2 Nbd7 7. Nf3 O-O 8. Be2
b6 9. e4 dxe4 10. Nxe4 Nxe4 11. Qxe4 Bb7 12. O-O-O Qe7 13. Bg5 Nf6 14. Qc2 h6
15. Bh4 c5 16. dxc5 bxc5 17. Rhe1 Rfd8 18. Kb1 Rab8 19. Ka1 Qc7 20. Bg3 Bxg3
21. hxg3 Ng4 22. Bd3 Bc6 23. Qe2 Qb7 24. b3 Qb4 25. Kb2 a5 26. Bb1 Rxd1 27.
Rxd1 a4 28. Rd6 axb3 29. a3 Qa4 30. Qd3 Nf6 31. Ne5 Be4 32. Rd8+ Kh7 33. Nd7
Bxd3 34. Bxd3+ g6 35. Nxf6+ Kg7 36. Ne8+ Qxe8 37. Rxe8 Rxe8 38. Kxb3 Rb8+ 39.
Ka4 Kf6 40. Ka5 Rb3 41. Be2 Rxa3+ 42. Kb5 Ra2 43. Bf3 Rxf2 44. Kxc5 Ke5 45. Kc6
Kd4 46. Kd6 e5 47. c5 e4 48. Bg4 Rf6+ 49. Ke7 Rc6 0-1